 Dungeon Crawl Stone Soup version 0.29.1-1-gd02db6906a (webtiles) character file.

Game seed: 16018399720525396381

51 Icepheonix32 the Trooper (level 3, 0/32 (34) HPs)
             Began as a Minotaur Fighter on Sept 23, 2022.
             Engulfed by a cloud of flame (15 damage)
             ... on level 3 of the Dungeon.
             The game lasted 00:02:55 (1368 turns).

Icepheonix32 the Trooper (Minotaur Fighter)         Turns: 1368, Time: 00:02:55

HP:   0/32 (34)     AC:  7    Str: 20    XL:     3   Next: 58%
MP:   2/2           EV:  9    Int:  5    God:
Gold: 44            SH:  4    Dex: 11    Spells: 2/2 levels left

rFire   . . .      SeeInvis .   o - +2 short sword (drain)
rCold   . . .      Faith    .   c - +0 buckler
rNeg    . . .      Spirit   .   b - +0 scale mail
rPois   .          Reflect  .   (helmet restricted)
rElec   .          Harm     .   (no cloak)
rCorr   .          Rampage  .   (no gloves)
Will    .....                   (no boots)
Stlth   ..........              m - amulet of regeneration
HPRegen 0.90/turn               (no ring)
MPRegen 0.08/turn               (no ring)

@: weak-willed, drained
A: horns 2, retaliatory headbutt
a: no special abilities


You were on level 3 of the Dungeon.
You visited 1 branch of the dungeon, and saw 3 of its levels.

You collected 120 gold pieces.
You spent 76 gold pieces at shops.

Inventory:

Hand Weapons
 a - a +0 war axe
 o - a +2 short sword of draining (weapon)
Missiles
 g - a boomerang (quivered)
Armour
 b - a +0 scale mail (worn)
 c - a +0 buckler (worn)
Jewellery
 m - an amulet of regeneration (around neck)
Scrolls
 h - 2 scrolls of immolation
 p - 3 scrolls of teleportation {unknown}
 r - a scroll of identify {unknown}
Potions
 d - a potion of might
 e - 2 potions of heal wounds {unknown}
 i - a potion of ambrosia {unknown}
 j - 4 potions of curing {unknown}
 l - a potion of resistance {unknown}
 n - a potion of degeneration
 q - 2 potions of lignification {unknown}


   Skills:
 * Level 4.5 Fighting
 + Level 2.8 Axes
 + Level 0.2 Throwing
 + Level 4.2 Armour
 + Level 0.2 Dodging
 + Level 4.0 Shields


You had 2 spell levels left.
You didn't know any spells.
Your spell library contained the following spells:

 Spells                   Type           Power      Damage    Failure   Level
 Shock                    Conj/Air       0%         1d3       88%         1
 Gell's Gravitas          Tloc           0%         N/A       99%         3
 Lesser Beckoning         Tloc           0%         N/A       99%         3
 Swiftness                Air            0%         N/A       99%         3
 Teleport Other           Tloc           0%         N/A       99%         3
 Airstrike                Air            0%         2d(0-16)  100%        4


Dungeon Overview and Level Annotations

Branches:
Dungeon (3/15)

Altars:

Shops:
D:2 !*


Innate Abilities, Weirdness & Mutations

You have a pair of horns on your head.
You reflexively headbutt those who attack you in melee.


Message History

No target in view!
No target in view!
No target in view!
No target in view!
Done exploring.
Done exploring.
No target in view!
Done exploring.
Done exploring.
Okay, then.
(D) Dungeon
Where to? (Enter - D:2, ? - help)
There is a stone staircase leading down here.
You climb downwards.
You hear the sound of rushing water.
There is an entrance to a sewer on this level.
Hurry and find it before the portal rusts away!
The hobgoblin shouts!
There is a stone staircase leading up here.
As you read the scroll labelled GAEDUR JAUT, it crumbles to dust.
The creatures around you are filled with an inner flame!
It was a scroll of immolation.
Unknown command.
As you read the scroll labelled YMUONU MISETZ, it crumbles to dust.
You hear a loud clanging noise!
It was a scroll of noise.
As you read the scroll labelled FIWNET EBBYUSUST, it crumbles to dust.
Magic quickly surges around you.
It was a scroll of vulnerability.
Unknown command.
You closely miss the hobgoblin. The hobgoblin closely misses you.
You hit the hobgoblin.
Flame seeps out of the hobgoblin.
Your headbutt misses the hobgoblin.
The hobgoblin is severely wounded.
The hobgoblin is engulfed in blazing flames.
The hobgoblin explodes!
The fiery explosion engulfs you!
Ouch! That really hurt!
You hear a shout!
Okay, then.
You are engulfed in blazing flames.
You die...

#######
#.....#
###..§§§#
.....§°§#
###...§@#
#.....#
##..###
#..# #.#
#. #


There were no monsters in sight!

Vanquished Creatures
  An adder (D:2)
  3 ball pythons (D:2)
  4 bats
  6 endoplasms
  A giant cockroach (D:1)
  6 hobgoblins
  4 jackals (D:2)
  5 frilled lizards (D:2)
  2 goblins (D:1)
  4 kobolds
  2 rats (D:2)
38 creatures vanquished.

Notes
Turn   | Place    | Note
-------+----------+-------------------------------------------
     0 | D:1      | Icepheonix32 the Minotaur Fighter began the quest for the
                  | Orb.
     0 | D:1      | Reached XP level 1. HP: 19/19 MP: 0/0
   184 | D:1      | Found a faded altar of an unknown god.
   362 | D:1      | Reached XP level 2. HP: 27/27 MP: 1/1
   641 | D:2      | Found Iczaf Erieko's Distillery.
   679 | D:2      | Bought a potion of degeneration for 12 gold pieces
  1032 | D:2      | Reached XP level 3. HP: 33/33 MP: 2/2
  1314 | D:2      | Found Husu's Assorted Antiques.
  1322 | D:2      | Bought a fuming golden potion for 15 gold pieces
  1322 | D:2      | Bought a fuming golden potion for 15 gold pieces
  1322 | D:2      | Bought a scroll labelled HUAFRE ZOIBEM for 17 gold pieces
  1322 | D:2      | Bought a scroll labelled WANIBYSIK for 17 gold pieces
  1368 | D:3      | Engulfed by a cloud of flame

Illustrated notes

Levels and vault maps discovered:
D:1:      amcnicky_arrival_flooded_fountain, layout_rooms,
          ebering_ecumenical_altar_hall, chequers_serial_rivers_small_a,
          chequers_serial_rivers_small_a
D:2:      layout_basic, serial_shops, nicolae_shop_statue_plus, shop,
          minmay_quadrilaterals
D:3:      layout_rooms, portal_sewer_entry_a, uniq_jessica

Skill      XL: |  1  2  3 |
---------------+----------+-----
Fighting       | 4 |  4.5
Armour         | 4 |  4.2
Shields        | 4 |  4.0
Axes           | |  2.8
Throwing       | |  0.2
Dodging        | |  0.2

Action                   || total
-------------------------++-------
Melee: War axe           ||    45
       Headbutt          ||     5
       Short sword       ||    23
Throw: Boomerang         ||    13
  Use: Scroll            ||     3
Armor: Scale mail        ||    45
Dodge: Dodged            ||    37
Block: Buckler           ||    16
